 Dungeon Crawl Stone Soup version 0.13.0-65-g2bb7898 (webtiles) character file.

317 Lilouch the Firebug (level 5, -1/35 HPs)
             Began as a Mummy Fire Elementalist on Nov 25, 2013.
             Was an Initiate of Vehumet.
             Slain by a kobold
             ... wielding a +2,+1 short sword
              (4 damage)
             ... on Level 3 of the Dungeon.
             The game lasted 00:25:13 (3570 turns).

Lilouch the Firebug (Mummy Fire Elementalist)       Turns: 3570, Time: 00:25:13

HP  -1/35        AC  3     Str 11      XL: 5   Next: 35%
MP   4/10        EV 12     Int 15      God: Vehumet [......]
Gold 134         SH  0     Dex 12      Spells:  3 memorised,  3 levels left

Res.Fire  : x . .   See Invis. : .   d - +2 whip
Res.Cold  : + . .   Warding    : .   F - +0 robe
Life Prot.: + + +   Conserve   : .   (no shield)
Res.Poison: +       Res.Corr.  : .   (no helmet)
Res.Elec. : .       Clarity    : .   (no cloak)
Sust.Abil.: . .     Spirit.Shd : .   (no gloves)
Res.Mut.  : .       Stasis     : .   c - +0 pair of boots
Res.Rott. : +       Flight     : .   (no amulet)
Saprovore : . . .                    (no ring)
                                     (no ring)

@: very slightly contaminated, slightly resistant to hostile enchantments,
unstealthy
A: no food or potions, fire vulnerability, restore body, cold resistance 1, life
protection 3, poison resistance, torment resistance, unbreathing
a: Renounce Religion


You were on level 3 of the Dungeon.
You worshipped Vehumet.
Vehumet was noncommittal.
You were not hungry.

You visited 1 branch of the dungeon, and saw 3 of its levels.

You collected 114 gold pieces.

Inventory:

Hand weapons
 d - a +2,+2 whip (weapon)
 j - a +2,+2 dagger of venom
 q - a +2,+0 elven spear
 v - a -1,+2 orcish spear
 y - a -1,+2 orcish spear
 z - a cursed +0,-2 orcish dagger
 A - a -1,+2 orcish spear
 B - a +2,+0 orcish dagger
 C - a +0,+0 dagger
 D - a +2,+0 dagger
 E - a -1,+2 orcish spear
Missiles
 h - an exploding dart (quivered)
 p - 19 stones
 r - a dart of dispersal
Armour
 a - a +0 robe
 c - a +0 pair of boots (worn)
 s - a +0 robe
 u - a +0 orcish ring mail of cold resistance
 F - a +0 robe (worn)
Magical devices
 w - a wand of flame (18) {unknown}
Scrolls
 e - a scroll of curse armour {unknown}
 f - 3 scrolls of identify {unknown}
 g - a scroll of noise {unknown}
 i - a scroll of random uselessness {unknown}
 l - 2 scrolls of teleportation {unknown}
 m - a scroll of curse jewellery {unknown}
 n - a scroll of enchant weapon I {unknown}
 o - a scroll of curse weapon {unknown}
 t - a scroll of fog {unknown}
 x - a scroll of recharging {unknown}
Books
 b - a book of Flames

   Spells                             Type                      Level
   *Flame Tongue                      Conjuration/Fire             1
   *Throw Flame                       Conjuration/Fire             2
   *Conjure Flame                     Conjuration/Fire             3
   Inner Flame                        Hexes/Fire                   3
   Sticky Flame                       Conjuration/Fire             4
   Fireball                           Conjuration/Fire             5


   Skills:
 - Level 1.0 Armour
 - Level 1.5 Dodging
 - Level 1.5 Stealth
 + Level 2.6 Spellcasting
 + Level 2.1 Conjurations
 * Level 3.6 Fire Magic


You had 3 spell levels left.
You knew the following spells:

 Your Spells              Type           Power        Failure   Level  Hunger
a - Flame Tongue          Conj/Fire      ##...        8%          1    N/A
b - Throw Flame           Conj/Fire      ##....       12%         2    N/A
c - Conjure Flame         Conj/Fire      ##......     21%         3    N/A

Dungeon Overview and Level Annotations

Branches:
Dungeon (3/27)

Altars:
Makhleb
Vehumet
Zin
the Shining One


Innate Abilities, Weirdness & Mutations

You do not eat or drink.
Your flesh is vulnerable to fire.
Your flesh is cold resistant.
You are immune to negative energy.
Your system is resistant to poisons.
You are immune to unholy pain and torment.
You can survive without breathing.


Message History

Press: ? - help, Dir - move target cursor, p - orc You miscast Conjure Flame.
You are very lightly contaminated with residual magic.
Nothing appears to happen.
The orc warrior picks up an orcish club.
Casting: Conjure Flame
Confirm with . or Enter, or press ? or * to list all spells.
Aiming: Conjure Flame
Press: ? - help, Dir - move target cursor You miscast Conjure Flame.
A wave of violent energy washes through your body!
An orc priest comes into view. It is wielding an orcish war axe.
The kobold hits you with a short sword.
The orc warrior throws an orcish club.
The orcish club hits you! The kobold hits you with a short sword.
You see here an orcish club.
The orc warrior throws a stone.
The stone hits you!
* * * LOW HITPOINT WARNING * * *
The kobold hits you with a short sword.
You die...

.......##...#......
.#+.....##........... #..#
##.....#.#.... ...#
##.............
####..###..#....#.#....
##......#........#.#....
#.......#............... #
#.........##..........## #
#####..##.#@......#....#.... #
# .......##.#)K###..#.........
# #. #...##....o)#.......#..##
# #.. #.........#)#............
#
#..####....#.#..#.#............
#
#......(.....#...o........#....
#
##.........#.#.................
#
####....#.#.#..#o.............
# #......#.#.#..#o#..........#.


You could see an orc warrior, an orc and a kobold.

Vanquished Creatures
  An orc priest (D:3)
  Jessica (D:3)
  5 adders
  A worm (D:3)
  2 giant geckos
  2 oozes (D:3)
  11 orcs
  7 hobgoblins
  5 jackals
  A ball python (D:1)
  9 bats
  3 giant cockroaches
  8 giant newts (D:2)
  7 goblins
  9 kobolds
  A rat (D:3)
73 creatures vanquished.

Notes
Turn   | Place    | Note
--------------------------------------------------------------
     0 | D:1      | Lilouch, the Mummy Fire Elementalist, began the quest for the Orb.
     0 | D:1      | Reached XP level 1. HP: 13/13 MP: 3/3
   274 | D:1      | Reached skill level 1 in Conjurations
   381 | D:1      | Reached XP level 2. HP: 19/19 MP: 2/4
  1076 | D:1      | Reached skill level 3 in Fire Magic
  1076 | D:1      | Reached XP level 3. HP: 15/24 MP: 0/6
  1187 | D:1      | Learned a level 2 spell: Throw Flame
  1385 | D:2      | Found a burning altar of Makhleb.
  1387 | D:2      | Noticed a cacodemon
  1403 | D:2      | Found a glowing silver altar of Zin.
  1403 | D:2      | Noticed an angel
  1784 | D:2      | Found a radiant altar of Vehumet.
  1789 | D:2      | Became a worshipper of Vehumet
  2274 | D:3      | Reached XP level 4. HP: 18/30 MP: 0/8
  2345 | D:3      | Learned a level 3 spell: Conjure Flame
  2872 | D:3      | Reached skill level 1 in Armour
  3238 | D:3      | Found a glowing golden altar of the Shining One.
  3278 | D:3      | Noticed Jessica
  3379 | D:3      | Killed Jessica
  3392 | D:3      | Reached XP level 5. HP: 31/35 MP: 10/10
  3555 | D:3      | Noticed an orc warrior
  3570 | D:3      | Slain by a kobold

Action                   |  1- 3 |  4- 6 || total
-------------------------+-------+-------++-------
Melee: Whip              |    25 |    16 ||    41
Throw: Dagger            |     9 |    21 ||    30
       Dart              |       |    17 ||    17
 Cast: Flame Tongue      |    80 |    53 ||   133
       Conjure Flame     |       |     2 ||     2
